 Dungeon Crawl Stone Soup version 0.27-a0-1256-gced786f65e (console) character file.

Game seed: 15154828396178556702

35 jejorda2 the Slasher (level 3, -3/30 HPs)
             Began as a Merfolk Berserker on June 10, 2021.
             Was a Follower of Trog.
             Slain by a gnoll
             ... wielding a +0 flail of protection
              (5 damage)
             ... on level 1 of the Dungeon.
             The game lasted 00:01:17 (760 turns).

jejorda2 the Slasher (Merfolk Berserker)             Turns: 760, Time: 00:01:17

Health: -3/30      AC:  2    Str: 24    XL:     3   Next: 33%
Magic:  3/3        EV: 12    Int:  6    God:    Trog [*.....]
Gold:   0          SH:  0    Dex: 13    Spells: 2/2 levels left

rFire    . . .     SeeInvis .   a - +0 falchion
rCold    . . .     Faith    .   (no shield)
rNeg     . . .     Spirit   .   b - +0 animal skin
rPois    .         Reflect  .   (no helmet)
rElec    .         Harm     .   (no cloak)
rCorr    .         Rampage  .   (no gloves)
Will     .....                  (no boots)
Stlth    +.........             (no amulet)
HPRegen  0.10/turn              e - +6 ring of strength
MPRegen  0.08/turn              (no ring)

@: no status effects
A: (nimble swimmer 2), mertail
a: Renounce Religion, Berserk


You were on level 1 of the Dungeon.
You worshipped Trog.
Trog was aware of your devotion.
You visited 1 branch of the dungeon, and saw 2 of its levels.

Inventory:

Hand Weapons
 a - a +0 falchion (weapon)
 c - a +0 flail
Missiles
 g - 16 poisoned darts (quivered)
Armour
 b - a +0 animal skin (worn)
Jewellery
 e - a +6 ring of strength (left hand)
Scrolls
 f - a scroll of noise {unknown}
Potions
 d - a potion of flight {unknown}
 h - a potion of curing {unknown}
 i - a potion of berserk rage {unknown}


   Skills:
 + Level 3.7 Fighting
 * Level 4.1 Long Blades
 + Level 1.8 Armour
 - Level 2.6 Dodging


You had 2 spell levels left.
You didn't know any spells.
Your spell library was empty.

Dungeon Overview and Level Annotations

Branches:
Dungeon (2/15)

Altars:


Innate Abilities, Weirdness & Mutations

((You are quick and stealthy near water. (Stealth+, EV+, Speed+++)))
Your lower body shifts to a powerful aquatic tail in water.


Message History

The kobold shouts!
The kobold moves out of view.
There is a stone staircase leading up here.
You climb upwards.
There is a stone staircase leading down here.
Found 18 stones.
A goblin comes into view. It is wielding a +0 dagger.
The goblin shouts!
The goblin misses you.
You riposte.
You closely miss the goblin. You hit the goblin but do no damage.
The goblin hits you but does no damage.
You completely miss the goblin. The goblin closely misses you.
You riposte.
You hit the goblin.
You kill the goblin!
Trog accepts your kill.
No target in view!
Items here: ) †.
A frilled lizard comes into view.
A goblin comes into view. It is wielding a +0 club.
The goblin hits you with a +0 club.
You barely miss the goblin. The goblin hits you with a +0 club.
You slash the goblin!
You kill the goblin!
Trog accepts your kill.
No target in view!
No target in view!
No target in view!
HP restored.
You see here a +0 club.
A gnoll comes into view.
It is wielding a +0 flail of protection.
The gnoll shouts!
The gnoll hits you with a +0 flail of protection!
You hit the gnoll but do no damage.
The gnoll hits you with a +0 flail of protection!
* * * LOW HITPOINT WARNING * * *
You hit the gnoll.
The gnoll is moderately wounded.
The gnoll hits you with a +0 flail of protection.
* * * LOW HITPOINT WARNING * * *
The gnoll hits you with a +0 flail of protection.
You die...

#.# #.#.# #.# #.#.#
.#######.# #.#.#
..l......######(#.#
#.........#.#
#..######.#.#
#..######.#.#
#.######).....)....#
#..g@............###
#............########
##############


You could see a gnoll.

Vanquished Creatures
  An adder (D:2)
  2 dart slugs (D:1)
  4 endoplasms
  3 goblins
  5 jackals (D:1)
  A frilled lizard (D:1)
  2 kobolds (D:1)
  2 rats (D:1)
20 creatures vanquished.

Notes
Turn   | Place    | Note
-------+----------+-------------------------------------------
     0 | D:1      | jejorda2 the Merfolk Berserker began the quest for the Orb.
     0 | D:1      | Reached XP level 1. HP: 18/18 MP: 1/1
   206 | D:1      | Reached XP level 2. HP: 19/24 MP: 2/2
   599 | D:1      | You fall into a shaft and drop 1 floor!
   610 | D:2      | Reached skill level 4 in Long Blades
   610 | D:2      | Reached XP level 3. HP: 29/30 MP: 3/3
   760 | D:1      | Slain by a gnoll

Illustrated notes

Levels and vault maps discovered:
D:1:      amcnicky_arrival_flooded_fountain, layout_loops_ring
D:2:      layout_loops_cross, uniq_crazy_yiuf_cottage, uniq_robin

Skill      XL: |  1  2 |
---------------+-------+-----
Long Blades    | 4 |  4.1
Fighting       | |  3.7
Armour         | |  1.8
Dodging        | |  2.6

Action                   || total
-------------------------++-------
Melee: Falchion          ||    49
Armor: Animal skin       ||     3
Dodge: Dodged            ||    29
       Rpst.: Falchion   ||    13

Table legend: (Time is in decaauts)
 A = Elapsed time spent in this place.
 B = Non-inter-level travel time spent in this place.
 C = Inter-level travel time spent in this place.
 D = Time resting spent in this place.
 E = Time spent auto-exploring this place.
 F = Levels seen in this place.
 G = Mean time per level.
                   A        B        C        D        E       F      G
               +--------+--------+--------+--------+--------+-----+--------+
         Total |    764 |    764 |      0 |      0 |    606 |   2 |  382.0 |
       Dungeon |    764 |    764 |      0 |      0 |    606 |   2 |  382.0 |
               +--------+--------+--------+--------+--------+-----+--------+

Top non-repeatable levels by time:
     D:1: 688 daAuts
     D:2: 75 daAuts
